 Dungeon Crawl Stone Soup version 0.23-a0-49-gd9f7a49 (webtiles) character file.

3975 Amnesiac the Geomancer (level 10, -11/63 HPs)
             Began as a Mummy Earth Elementalist on Aug 6, 2018.
             Was an Elder of Sif Muna.
             Mangled by Harold
             ... wielding a +0 trident
              (16 damage)
             ... on level 8 of the Dungeon.
             The game lasted 00:14:24 (7801 turns).

Amnesiac the Geomancer (Mummy Earth Elementalist)   Turns: 7801, Time: 00:14:25

Health: -11/63     AC:  7    Str: 12    XL:     10   Next: 2%
Magic:  0/24       EV: 27    Int: 18    God:    Sif Muna [****..]
Gold:   607        SH:  0    Dex: 12    Spells: 14/29 levels left

rFire    x . .     SeeInvis .   a - +1 spear (freeze)
rCold    + . .     Gourm    .   (no shield)
rNeg     + + +     Faith    .   v - +2 robe {MR+}
rPois    ∞         Spirit   .   (no helmet)
rElec    .         Reflect  .   m - scarf {cloud immunity}
rCorr    .         Harm     .   f - +2 pair of gloves
MR       ++...                  (no boots)
Stlth    ++........             j - amulet of the acrobat
HPRegen  0.20/turn              (no ring)
MPRegen  0.19/turn              (no ring)

@: no casting
A: no food or potions, fire vulnerability, cold resistance 1, negative energy
resistance 3, torment resistance, unbreathing
a: Stop Divine Energy, Channel Magic, Forget Spell, Renounce Religion


You were on level 8 of the Dungeon.
You worshipped Sif Muna.
Sif Muna was greatly pleased with you.
You were not hungry.

You visited 2 branches of the dungeon, and saw 9 of its levels.
You also visited: Sewer.

You collected 607 gold pieces.

Inventory:

Hand Weapons
 a - a +1 spear of freezing (weapon)
 b - a +1 short sword of speed
 o - a +0 blowgun
Missiles
 e - 193 stones (quivered)
 p - 67 poisoned needles
Armour
 f - a +2 pair of gloves (worn)
 l - a +0 large shield
 m - a scarf of cloud immunity (worn)
 s - a +1 helmet
 v - a +2 robe of magic resistance (worn)
Jewellery
 j - an amulet of the acrobat (around neck)
Wands
 i - a wand of polymorph (26)
 n - a wand of flame (21)
 u - a wand of paralysis (15)
Scrolls
 c - 5 scrolls of identify {!r}
 d - 8 scrolls of enchant weapon {!r, unknown}
 g - 8 scrolls of remove curse {!r, unknown}
 h - a scroll of blinking {!r, unknown}
 k - a scroll of immolation {!r, unknown}
 q - 2 scrolls of magic mapping {!r}
 r - a scroll of fog {!r}
 t - 2 scrolls of enchant armour {!r, unknown}


   Skills:
 - Level 1.5 Dodging
 - Level 1.5 Stealth
 + Level 10.2 Spellcasting
 - Level 0.7 Transmutations
 * Level 10.3 Earth Magic


You had 14 spell levels left.
You knew the following spells:

 Your Spells              Type           Power        Failure   Level  Hunger
a - Stone Arrow           Conj/Erth      ####..       2%          3    N/A
b - Passwall              Tmut/Erth      ####....     1%          2    N/A
c - Sandblast             Erth           #####.       1%          1    N/A
d - Lee's Rapid Deconstr  Erth           #####.....   3%          5    N/A
e - Petrify               Tmut/Erth      ####....     9%          4    N/A

Your spell library contained the following spells:

 Spells                   Type           Power        Failure   Level  Hunger


Dungeon Overview and Level Annotations

Branches:
Dungeon (8/15)             Temple (1/1) D:6
   Lair: D:8-11

Altars:
Ashenzari
Cheibriados
Dithmenos
Elyvilon
Fedhas
Hepliaklqana
Kikubaaqudgha
Makhleb
Nemelex Xobeh
Okawaru
Qazlal
Ru
Sif Muna
Trog
Uskayaw
Wu Jian
Xom
Yredelemnul
Zin
The Shining One

Annotations:
D:5 1 exclusion
D:8 Harold


Innate Abilities, Weirdness & Mutations

You do not eat or drink.
Your flesh is vulnerable to fire.
You are immune to poison.
Your flesh is cold resistant. (rC+)
You are immune to negative energy. (rN+++)
You are immune to unholy pain and torment.
You can survive without breathing.


Message History

You see here a throwing net.
Harold says, "Bounty hunting has been great, but I can't wait to retire."
Harold throws a throwing net.
The throwing net completely misses you.
You see here a throwing net.
You start resting.
Harold is too close now for your liking.
Casting: Lee's Rapid Deconstruction (safe; 3% risk of failure)
Confirm with . or Enter, or press ? or * to list all spells.
Aiming: Lee's Rapid Deconstruction (safe; 3% risk of failure)
Press: ? - help, Dir - move target cursor A rock wall.
The wall shatters!
The blast of rock fragments hits Harold.
Harold points at you and mumbles some strange words.
The harpoon shot hits you!
You are yanked forward by the harpoon shot.
Unknown command.
Casting: Lee's Rapid Deconstruction (safe; 3% risk of failure)
Confirm with . or Enter, or press ? or * to list all spells.
Aiming: Lee's Rapid Deconstruction (safe; 3% risk of failure)
Press: ? - help, Dir - move target cursor A rock wall.
The wall shatters!
The blast of rock fragments hits Harold.
You hear a shout!
Harold barely misses you.
Unknown command.
Casting: Lee's Rapid Deconstruction (safe; 3% risk of failure)
Confirm with . or Enter, or press ? or * to list all spells.
Aiming: Lee's Rapid Deconstruction (safe; 3% risk of failure)
Press: ? - help, Dir - move target cursor A rock wall.
The wall shatters!
The blast of rock fragments hits Harold.
Harold is moderately wounded.
Harold hits you with a trident!!
Unknown command.
Casting: Lee's Rapid Deconstruction (safe; 3% risk of failure)
Confirm with . or Enter, or press ? or * to list all spells.
Aiming: Lee's Rapid Deconstruction (safe; 3% risk of failure)
Press: ? - help, Dir - move target cursor A rock wall.
The wall shatters!
The blast of rock fragments hits Harold.
Harold is moderately wounded.
Harold hits you with a trident!
* * * LOW HITPOINT WARNING * * *
Unknown command.
Casting: Lee's Rapid Deconstruction (safe; 3% risk of failure)
Confirm with . or Enter, or press ? or * to list all spells.
Aiming: Lee's Rapid Deconstruction (safe; 3% risk of failure)
Press: ? - help, Dir - move target cursor A rock wall.
The wall shatters!
The blast of rock fragments hits Harold.
Harold is heavily wounded.
Sif Muna grants you divine energy.
You briefly lose access to your magic!
A hound skeleton comes into view.
Harold hits you with a trident!
* * * LOW HITPOINT WARNING * * *
Unknown command.
Harold hits you from afar with a trident!
You die...

#(#.# ## #.###.#.#....
#............
#####.#.##### #.#.#
#####Z#.#### ##########
#.@.(......# #...>....#
#.##....##.# #.#.#.##.#
#@#.........
#..###<#.####.##...#####
#.## ##.......###.##
#..###.#.#.#### #.# #
##.#.#..#.#.# #.# #
#.........#.# #+# #
#.........#.# ... #
#.........#.# .... ####
####......#.# .....
##.##


You could see Harold.

Vanquished Creatures
  Pikel (D:8)
  Sigmund (D:4)
  Edmund (D:3)
  Duvessa (D:5)
  2 orc warriors
  A black bear (D:8)
  2 ice beasts
  4 slaves (D:8)
  A phantom (D:8)
  3 ogres
  2 centaurs (D:7)
  3 big kobolds
  8 bullfrogs
  Dowan (D:5)
  A scorpion (D:7)
  5 wights (D:7)
  5 howler monkeys
  3 crimson imps
  2 hounds
  A jelly (D:7)
  2 orc priests
  Jessica (D:3)
  A centaur skeleton (D:8)
  3 iguanas
  3 orc wizards
  7 worker ants
  2 hound zombies
  A hound skeleton (D:4)
  A worker ant zombie (D:7)
  4 gnolls (D:4)
  12 adders
  A shadow imp (D:5)
  5 oozes
  An adder skeleton (D:4)
  7 worms
  A dart slug (D:4)
  9 leopard geckos
  21 orcs
  6 giant cockroaches
  9 goblins
  8 hobgoblins
  8 jackals
  2 quokkas
  3 ball pythons
  11 bats
  8 frilled lizards
  23 kobolds
  A leopard gecko skeleton (D:4)
  9 rats
218 creatures vanquished.

Notes
Turn   | Place    | Note
-------+----------+-------------------------------------------
     0 | D:1      | Amnesiac the Mummy Earth Elementalist began the quest for the Orb.
     0 | D:1      | Reached XP level 1. HP: 13/13 MP: 4/4
   128 | D:2      | Reached XP level 2. HP: 14/19 MP: 3/5
   201 | D:2      | Found a bloodstained altar of Trog.
   204 | D:2      | Found a shadowy altar of Dithmenos.
   213 | D:2      | Found a hide-covered altar of Uskayaw.
   355 | D:4      | Noticed a howler monkey
   389 | D:4      | Noticed Edmund
   392 | D:4      | Killed a howler monkey
   392 | D:4      | Reached XP level 3. HP: 24/24 MP: 0/8
   542 | D:3      | Reached XP level 4. HP: 20/30 MP: 3/9
   548 | D:3      | Learned a level 2 spell: Passwall
   552 | D:3      | Learned a level 3 spell: Stone Arrow
   557 | D:3      | Learned a level 4 spell: Petrify
   617 | D:3      | Noticed Jessica
   641 | D:3      | Killed Jessica
   661 | D:3      | Found an ancient bone altar of Kikubaaqudgha.
   757 | D:4      | Found a white marble altar of Elyvilon.
   767 | D:4      | Reached XP level 5. HP: 26/35 MP: 4/11
  1085 | D:5      | Entered Level 5 of the Dungeon
  1268 | D:4      | Reached skill level 5 in Spellcasting
  1522 | D:4      | Noticed Sigmund
  1536 | D:4      | Killed Sigmund
  1536 | D:4      | Reached XP level 6. HP: 25/41 MP: 3/14
  1546 | D:4      | Learned a level 5 spell: Lee's Rapid Deconstruction
  1641 | D:4      | Found a stormy altar of Qazlal.
  1836 | D:4      | Reached skill level 5 in Earth Magic
  1950 | D:4      | Reached XP level 7. HP: 46/46 MP: 0/16
  2378 | D:5      | Noticed Duvessa
  2393 | D:5      | Noticed Dowan
  2611 | D:5      | Found a glowing silver altar of Zin.
  2612 | D:5      | Found a glowing golden altar of the Shining One.
  2797 | D:6      | Found a staircase to the Ecumenical Temple.
  2806 | Temple   | Entered the Ecumenical Temple
  2905 | D:6      | Found a deep blue altar of Sif Muna.
  2914 | D:6      | Became a worshipper of Sif Muna the Loreminder
  3030 | D:5      | Reached XP level 8. HP: 36/52 MP: 1/19
  3184 | D:6      | Found a glowing drain.
  3201 | Sewer    | Entered a sewer
  3364 | Sewer    | Reached * piety under Sif Muna
  3886 | D:5      | Killed Duvessa
  4132 | D:5      | Killed Dowan
  4848 | D:1      | You fall through a shaft!
  4868 | D:2      | Reached ** piety under Sif Muna
  5062 | D:2      | Found an iron altar of Okawaru.
  5744 | D:3      | Killed Edmund
  6211 | D:6      | Got a pair of steaming gloves
  6249 | D:6      | Reached XP level 9. HP: 57/57 MP: 11/21
  6260 | D:6      | Identified the +0 pair of gloves of Responsibility {-Tele Str+4 Dex+7} (You found it on level 6 of the Dungeon)
  6652 | D:7      | Reached *** piety under Sif Muna
  7392 | D:8      | Found a hazy altar of Hepliaklqana.
  7620 | D:8      | Noticed Pikel
  7622 | D:8      | Killed Pikel
  7622 | D:8      | Reached **** piety under Sif Muna
  7622 | D:8      | Reached skill level 10 in Spellcasting
  7622 | D:8      | Reached skill level 10 in Earth Magic
  7626 | D:8      | Reached XP level 10. HP: 46/63 MP: 0/24
  7780 | D:8      | Noticed Harold
  7801 | D:8      | Mangled by Harold

Vault maps used:
D:1:      minmay_arrival_glassed_features
D:2:      kennysheep_six_static_rooms, kennysheep_okawaru_gauntlet,
          grunt_temple_overflow_diamond
D:3:      kiku_gazebo_pond_becter, first_ration, uniq_jessica
D:4:      minmay_door_path, lemuel_doored_altar, kennysheep_mini, uniq_sigmund,
          uniq_edmund
D:5:      grunt_temple_overflow_open, lexackson_kobold_supper, uniq_duvessa
D:6:      kennysheep_little_box, minmay_temple_entry_junction,
          cheibrodos_sewer_entry_bend
D:8:      nicolae_overflow_crystal_walls, lightli_corner_chamber,
          uniq_prince_ribbit1, uniq_harold, uniq_joseph, uniq_pikel
Temple:   jpeg_temple_island
Sewer:    kennysheep_pipe_town

Skill      XL: |  1  2  3  4  5  6  7  8  9 |
---------------+----------------------------+-----
Earth Magic    | 3 4 5 6 8 10 | 10.3
Spellcasting   | 3 4 5 6 7 8 10 | 10.2
Dodging        | |  1.5
Stealth        | |  1.5
Transmutations | |  0.7

Action                   |  1- 3 |  4- 6 |  7- 9 | 10-12 || total
-------------------------+-------+-------+-------+-------++-------
Melee: Spear             |    24 |    23 |   136 |     9 ||   192
       Short sword       |       |    31 |       |       ||    31
 Cast: Sandblast         |    18 |    62 |    65 |       ||   145
       Stone Arrow       |       |     4 |    97 |       ||   101
       Petrify           |       |     2 |     5 |       ||     7
       Passwall          |       |     1 |     3 |       ||     4
       Lee's Rapid Decon |       |     1 |    68 |     8 ||    77
Invok: Divine Energy     |       |       |     1 |       ||     1
  Use: Scroll            |       |       |     6 |       ||     6
 Stab: Sleeping          |     1 |       |     2 |       ||     3
Armor: Robe              |     5 |     4 |    58 |     2 ||    69
Dodge: Dodged            |    18 |    37 |   157 |     9 ||   221

Table legend:
 A = Spawn XP
 B = Non-spawn XP
 C = Spawn XP percentage of total XP
 D = Spawn monster count
 E = Non-spawn monster count
 F = Spawn count percentage of total count
 G = Total turns spent on level
                    A         B        C        D         E        F      G
               +---------+---------+-------+---------+---------+-------+---------
         Total |       0 |    5679 |   0.0 |       0 |     214 |   0.0 |  7801
               +---------+---------+-------+---------+---------+-------+---------
           D:1 |       0 |      24 |   0.0 |       0 |      15 |   0.0 |   847
           D:2 |       0 |     260 |   0.0 |       0 |      35 |   0.0 |   780
           D:3 |       0 |     267 |   0.0 |       0 |      21 |   0.0 |   902
           D:4 |       0 |     758 |   0.0 |       0 |      35 |   0.0 |  1633
           D:5 |       0 |     621 |   0.0 |       0 |      23 |   0.0 |  1200
           D:6 |       0 |     870 |   0.0 |       0 |      15 |   0.0 |   936
           D:7 |       0 |    1213 |   0.0 |       0 |      27 |   0.0 |   567
           D:8 |       0 |    1434 |   0.0 |       0 |      19 |   0.0 |   617
         Sewer |       0 |     232 |   0.0 |       0 |      24 |   0.0 |   253
               +---------+---------+-------+---------+---------+-------+---------
